AoeStats
← Jar3p0

Arena

509236274Analyzed
1v1 RM · 7d ago on Sep 26, 2026· 50m 54s· 2 players
Game mode
Random Map
Map size
Tiny (2 player)
Population
200
Speed
Normal
Resources
Standard
Victory
Conquest
Starting age
Dark Age
Ending age
Imperial Age
RankedLock teamsTeams togetherTeam positionsShared explorationLock speedFull tech treeHidden civsTurbo modeCheats
Victory
Defeat
🇦🇷 Bohemians · Argentina
1205
+15
🇺🇸 Varangians · United States
1184
-15
Jar3p0
9:53 Feudal Age
11:32 Loom
14:13 Castle Age
12:27 Horse Collar
12:35 Double-Bit Axe
17:46 Horse Collar
23:12 Scale Barding Armor
23:11 Scale Mail Armor
23:02 Fletching
24:13 Bow Saw
23:42 Crossbowman
24:52 Heavy Plow
25:27 Bodkin Arrow
27:52 Ballistics
30:25 Imperial Age
28:24 Bloodlines
28:22 Scale Barding Armor
28:56 Husbandry
31:07 Wheelbarrow
31:08 Chain Barding Armor
32:36 Plate Barding Armor
31:35 Cavalier
32:14 Light Cavalry
32:55 Town Watch
34:17 Hand Cart
33:43 Hussar
34:37 Forging
37:57 Elite Skirmisher
41:28 Iron Casting
43:42 Bracer
46:47 Chemistry
juanma_812
10:36 Feudal Age
8:52 Loom
14:23 Castle Age
12:33 Double-Bit Axe
13:03 Horse Collar
15:14 Squires
16:00 Fervor
18:58 Town Watch
21:33 Sanctity
22:36 Bow Saw
23:58 Wheelbarrow
25:31 Heavy Plow
30:30 Imperial Age
28:11 Fletching
28:21 Padded Archer Armor
27:44 Elite Skirmisher
28:26 Padded Archer Armor
30:13 Chemistry
29:49 Bodkin Arrow
30:10 Leather Archer Armor
30:19 Ballistics
30:41 Town Patrol
31:32 Conscription
31:56 Wagenburg Tactics
32:22 Murder Holes
32:43 Hussite Reforms
32:47 Arson
32:27 Pikeman
33:11 Halberdier
34:37 Forging
34:28 Scale Mail Armor
35:17 Block Printing
36:43 Iron Casting
36:24 Chain Mail Armor
37:50 Chain Mail Armor
38:35 Blast Furnace
38:56 Siege Engineers
40:09 Elite Hussite Wagon
42:16 Plate Mail Armor
41:46 Bracer
42:38 Bracer
44:19 Two-Man Saw
43:45 Hand Cart
44:41 Illumination
44:51 Theocracy
45:31 Leather Archer Armor
46:57 Ring Archer Armor
46:46 Houfnice
47:53 Fortified Wall
47:54 Masonry
51:31 Scale Barding Armor
Connection lost

Rejoining the realm…

Still unreachable

The connection could not be restored.

Session expired

The server has moved on; the page needs a fresh start.